 Dungeon Crawl Stone Soup version 0.17.0-28-g6e173f8 (webtiles) character file.

80 vatarom the Changer (level 4, -3/38 HPs)
             Began as a Draconian Transmuter on Nov 22, 2015.
             Killed from afar by a hobgoblin (32 damage)
             ... with a rod of lightning
             ... on level 2 of the Dungeon.
             The game lasted 00:03:56 (1954 turns).

vatarom the Changer (Draconian Transmuter)          Turns: 1954, Time: 00:03:57

Health: -3/38      AC:  5    Str: 13    XL:     4   Next: 18%
Magic:  7/7        EV: 12    Int: 14    God:
Gold:   104        SH:  0    Dex: 11    Spells: 3 memorised, 1 level left

rFire  . . .     SeeInvis .       - Unarmed
rCold  . . .     Clarity  .     (armour unavailable)
rNeg   . . .     SustAt   .     (no shield)
rPois  .         Gourm    .     (helmet restricted)
rElec  .         Spirit   .     (no cloak)
rCorr  .         Warding  .     (no gloves)
rMut   .         Stasis   .     (no boots)
MR     .....                    (no amulet)
Stlth  +.........               (no ring)
                                (no ring)

@: not resistant to hostile enchantments, very unstealthy
A: unfitting armour, mutation resistance 1, cold-blooded, AC +5
a: no special abilities


You were on level 2 of the Dungeon.
You were not hungry.

You visited 1 branch of the dungeon, and saw 2 of its levels.

You collected 104 gold pieces.

Inventory:

Missiles
 a - 31 arrows
Potions
 e - a potion of agility
 h - a potion of might
Books
 b - a book of Changes

   Spells                             Type                      Level
   a - Beastly Appendage              Transmutation                1
   b - Sticks to Snakes               Transmutation                2
   c - Spider Form                    Transmutation/Poison         3
   d - Ice Form                       Ice/Transmutation            4
   e - Blade Hands                    Transmutation                5
Comestibles
 c - a bread ration
 d - 3 meat rations


   Skills:
 + Level 3.1 Fighting
 - Level 1.7 Dodging
 - Level 3.0 Unarmed Combat
 - Level 2.0 Spellcasting
 + Level 3.5 Transmutations


You had one spell level left.
You knew the following spells:

 Your Spells              Type           Power        Failure   Level  Hunger
a - Beastly Appendage     Trmt           ##....       6%          1    ##.....
b - Sticks to Snakes      Trmt           ##........   10%         2    ###....
c - Spider Form           Trmt/Pois      #.........   38%         3    ####...


Dungeon Overview and Level Annotations

Branches:
Dungeon (2/15)

Altars:
Dithmenos


Innate Abilities, Weirdness & Mutations

Your plain brown scales are hard (AC +5).
Your body does not fit into most forms of armour.
You are cold-blooded and may be slowed by cold attacks.
You are somewhat resistant to further mutation.


Message History

You hit the giant newt.
You kill the giant newt!
No target in view!
No target in view!
Found a shadowy altar of Dithmenos.
There is a shadowy altar of Dithmenos here.
f - a ruby potion Drink which item? (? for menu, Esc to quit)
It was a potion of curing.
You feel better.
You now have 104 gold pieces (gained 15).
Key pressed, stopping explore.
A hobgoblin comes into view. It is wielding a lightning rod.
The hobgoblin shouts!
A hobgoblin is nearby!
A hobgoblin is nearby!
A hobgoblin is nearby!
The hobgoblin zaps a rod.
The lightning hits you!
The hobgoblin zaps a rod.
The lightning hits you!
Ouch! That really hurt!
You die...

#######....##.##.'..♣.)♣..'..##
#..#.#..####♣.♣♣♣..♣#..#
##.....#. ♣......♣#..# ........
♣♣♣♣♣♣♣♣#..#
.###.....############.)#### ..
###. ................... #
#....######.##..
#####.####....#####÷...#
.....g.@.............###
#####..#####.##......# #...
##.......÷..# #.#.#
#..###......## ...#..##.##
#.#..#..## ######....#
#.....#..# #_##...## #.........
####.##.## #........[
#..##.#.## #.........


You could see a hobgoblin.

Vanquished Creatures
  3 adders (D:2)
  An ooze (D:2)
  A worm (D:1)
  3 hobgoblins
  4 jackals (D:1)
  4 kobolds (D:1)
  8 bats
  2 giant cockroaches (D:1)
  3 giant geckos
  4 giant newts
  5 goblins
  8 rats
46 creatures vanquished.

Notes
Turn   | Place    | Note
--------------------------------------------------------------
     0 | D:1      | vatarom the Draconian Transmuter began the quest for the Orb.
     0 | D:1      | Reached XP level 1. HP: 16/16 MP: 3/3
   461 | D:1      | Reached XP level 2. HP: 22/24 MP: 5/5
   870 | D:1      | Learned a level 2 spell: Sticks to Snakes
  1035 | D:1      | Gained mutation: You are somewhat resistant to further mutation. [potion of mutation]
  1293 | D:1      | Reached XP level 3. HP: 20/29 MP: 4/6
  1298 | D:1      | Learned a level 3 spell: Spider Form
  1598 | D:2      | Reached XP level 4. HP: 8/37 MP: 1/7
  1901 | D:2      | Found a shadowy altar of Dithmenos.
  1954 | D:2      | Killed from afar by a hobgoblin

Action                   |  1- 3 |  4- 6 || total
-------------------------+-------+-------++-------
Melee: Unarmed           |   150 |     6 ||   156
 Cast: Beastly Appendage |    11 |       ||    11
       Spider Form       |     5 |     1 ||     6
  Use: Potion            |     4 |     1 ||     5
       Scroll            |     5 |     1 ||     6
 Stab: Sleeping          |     2 |       ||     2
  Eat: Pizza             |     1 |       ||     1
       Bread ration      |     1 |       ||     1
